 Dungeon Crawl Stone Soup version 0.27.1-3-gb3d3a73c9e (webtiles) character file.

Game seed: 15493006465066048461

1463 workbot the Grappler (level 8, -2/78 HPs)
             Began as a Troll Berserker on Oct 15, 2021.
             Was an Elder of Trog.
             Succumbed to a gnoll's poison
             ... on level 4 of the Dungeon.
             The game lasted 00:18:16 (3820 turns).

workbot the Grappler (Troll Berserker)              Turns: 3820, Time: 00:18:17

Health: -2/78      AC:  4    Str: 34    XL:     8   Next: 48%
Magic:  7/7        EV: 10    Int:  3    God:    Trog [****..]
Gold:   42         SH:  0    Dex:  9    Spells: 7/7 levels left

rFire    . . .     SeeInvis +     - Unarmed
rCold    . . .     Faith    .   (no shield)
rNeg     . . .     Spirit   .   a - +0 animal skin
rPois    +         Reflect  .   (helmet restricted)
rElec    .         Harm     .   (no cloak)
rCorr    .         Rampage  .   (gloves unavailable)
Will     .....                  (boots unavailable)
Stlth    +.........             (no amulet)
HPRegen  1.23/turn              g - +6 ring of strength
MPRegen  0.10/turn              h - ring of poison resistance

@: lethally poisoned (-2 -> -22), about to teleport
A: large, unfitting armour, claws 3, regeneration 1, shaggy fur 1, tough skin 1,
see invisible
a: Renounce Religion, Berserk, Trog's Hand, Brothers in Arms


You were on level 4 of the Dungeon.
You worshipped Trog.
Trog was greatly pleased with you.
You visited 1 branch of the dungeon, and saw 6 of its levels.
You also visited: Sewer.

You collected 182 gold pieces.
You spent 140 gold pieces at shops.

Inventory:

Armour
 a - a +0 animal skin (worn)
Jewellery
 c - a ring of see invisible
 g - a +6 ring of strength (left claw)
 h - a ring of poison resistance (right claw)
Scrolls
 b - a scroll of vulnerability
 d - 4 scrolls of blinking
 i - a scroll of fog
 n - a scroll of enchant weapon
Potions
 e - a potion of heal wounds
 j - 2 potions of invisibility
 k - a potion of magic
 m - a potion of mutation


   Skills:
 + Level 3.7 Fighting
 + Level 4.0 Dodging
 * Level 9.7 Unarmed Combat


You had 7 spell levels left.
You didn't know any spells.
Your spell library contained the following spells:

 Spells                   Type           Power      Damage    Failure   Level
 Portal Projectile        Hex/Tloc       0%         N/A       88%         3
 Blade Hands              Tmut           0%         N/A       100%        5
 Excruciating Wounds      Necr           0%         N/A       100%        5


Dungeon Overview and Level Annotations

Branches:
Dungeon (6/15)             Temple (0/1) D:5           Sewer (visited)

Altars:

Shops:
D:5 *


Innate Abilities, Weirdness & Mutations

You are too large for most types of armour.
You have claws for hands.
Your natural rate of healing is unusually fast.
You are covered in fur. (AC +1)
You have tough skin. (AC +1)
You have supernaturally acute eyesight. (SInv)


Message History

An adder skeleton comes into view.
A gnoll comes into view. It is wielding a +0 whip.
The gnoll hits you with a +2 flail of venom!
You are more poisoned.
You are too injured to fight recklessly!
You are too injured to fight recklessly!
Attack: -) Claws
Press: ? - help, Dir - move target, f - gnoll
Aim: a gnoll, wielding a +2 flail of venom (about 34% to evade your claws)
You scratch the gnoll.
The gnoll is heavily wounded.
You feel very sick.
The gnoll hits you with a +2 halberd of venom!
The gnoll hits you with a +2 halberd of venom.
* * * LOW HITPOINT WARNING * * *
You are more poisoned.
As you read the scroll of teleportation, it crumbles to dust.
You feel strangely unstable.
You feel very sick.
The gnoll hits you with a +2 flail of venom!
* * * LOW HITPOINT WARNING * * *
You are more poisoned.
The gnoll barely misses you.
A gnoll comes into view. It is wielding a +0 whip.
Attack: -) Claws
Press: ? - help, Dir - move target, f/p - gnoll
Aim: a gnoll, wielding a +2 flail of venom (heavily wounded, about 34% to evade your claws)
You claw the gnoll!
You kill the gnoll!
Trog accepts your kill.
* * * LOW HITPOINT WARNING * * *
You feel extremely sick. The gnoll closely misses you.
Attack: -) Claws
Press: ? - help, Dir - move target, f - adder skeleton
Aim: an adder skeleton (about 30% to evade your claws)
You barely miss the adder skeleton. You claw the adder skeleton!
You destroy the adder skeleton!
Trog accepts your kill.
You die...

#.......#.
#.........#
#.......#.#
#..######
####...?.....
♣♣#......######
♣........#
..##..).).#
####@### #gg#
g..# ##..# #..#
#..# #..# #.##


You could see 3 gnolls.

Vanquished Creatures
  A water moccasin (D:6)
  2 ice beasts
  A centaur (D:5)
  A phantom (D:3)
  2 bullfrogs (Sewer)
  A wyvern zombie (D:3)
  A scorpion (D:5)
  2 jellies
  A hound (D:5)
  3 gnoll shamans
  A bullfrog skeleton (D:5)
  An orc priest (D:6)
  An iguana (D:5)
  2 orc wizards
  A killer bee zombie (D:6)
  16 gnolls
  12 adders
  4 river rats (Sewer)
  An adder skeleton (D:4)
  A worm (D:2)
  A dart slug (D:1)
  18 orcs
  15 ball pythons
  4 endoplasms
  2 giant cockroaches
  6 goblins
  4 hobgoblins
  6 jackals
  7 quokkas
  4 bats
  7 frilled lizards
  A kobold (D:1)
  28 rats
158 creatures vanquished.

Notes
Turn   | Place    | Note
-------+----------+-------------------------------------------
     0 | D:1      | workbot the Troll Berserker began the quest for the Orb.
     0 | D:1      | Reached XP level 1. HP: 22/22 MP: 0/0
    32 | D:1      | Found a faded altar of an unknown god.
   230 | D:1      | Reached XP level 2. HP: 29/29 MP: 1/1
   867 | D:2      | Reached XP level 3. HP: 36/36 MP: 2/2
   893 | D:2      | Reached ** piety under Trog
   972 | D:2      | Reached skill level 4 in Unarmed Combat
  1154 | D:2      | Reached XP level 4. HP: 44/44 MP: 3/3
  1464 | D:3      | Reached XP level 5. HP: 26/52 MP: 4/4
  1507 | D:3      | Noticed a phantom
  1524 | D:3      | Killed a phantom
  1525 | D:3      | Reached skill level 5 in Unarmed Combat
  1601 | D:3      | Reached XP level 6. HP: 57/61 MP: 5/5
  1691 | D:3      | Reached skill level 6 in Unarmed Combat
  1814 | D:3      | You fall into a shaft and drop 3 floors!
  1835 | D:6      | Reached *** piety under Trog
  1994 | D:6      | Noticed an ice beast
  2027 | D:6      | Killed an ice beast
  2142 | D:6      | Reached skill level 7 in Unarmed Combat
  2142 | D:6      | Reached XP level 7. HP: 67/67 MP: 6/6
  2646 | D:5      | Entered Level 5 of the Dungeon
  2694 | D:5      | Found a staircase to the Ecumenical Temple.
  2728 | D:5      | Reached skill level 8 in Unarmed Combat
  2893 | D:5      | Reached XP level 8. HP: 73/75 MP: 7/7
  3157 | D:5      | Found Soqej's Assorted Antiques.
  3165 | D:5      | Bought a coral ring for 140 gold pieces
  3310 | D:5      | Reached skill level 9 in Unarmed Combat
  3323 | D:5      | Found a glowing drain.
  3335 | Sewer    | Entered a sewer
  3366 | Sewer    | Reached **** piety under Trog
  3659 | D:5      | Gained mutation: You have supernaturally acute eyesight.
                  | (SInv) [potion of mutation]
  3659 | D:5      | Gained mutation: Your body sometimes deteriorates upon
                  | taking damage. [potion of mutation]
  3659 | D:5      | Lost mutation: Your body sometimes deteriorates upon taking
                  | damage. [potion of mutation]
  3820 | D:4      | Succumbed to a gnoll's poison

Illustrated notes

Levels and vault maps discovered:
D:1:      dpeg_arrival_boxes_within_box, layout_loops_cross,
          ebering_ecumenical_altar_abandoned
D:2:      layout_loops_cross
D:3:      layout_loops_ring
D:4:      layout_basic, mainiacjoe_overflow_alcove_1,
          nicolae_yredelemnul_corpse_copse, mainiacjoe_overflow_surrounded_room,
          nicolae_sif_muna_little_library, general_overflow_altar,
          cheibrodos_ashenzari_chains
D:5:      layout_loops_ring, temple_pool_b, serial_shops, shop,
          portal_sewer_entry_b
D:6:      layout_gridville, grunt_ministairs_6, kennysheep_generic_room_8

Skill      XL: |  1  2  3  4  5  6  7  8 |
---------------+-------------------------+-----
Unarmed Combat | 4 5 7 8 9 |  9.7
Dodging        | 3 4 |  4.0
Fighting       | 3 |  3.7

Action                   |  1- 3 |  4- 6 |  7- 9 || total
-------------------------+-------+-------+-------++-------
Melee: Unarmed           |   110 |   121 |   171 ||   402
       Punch             |     2 |     5 |     6 ||    13
Invok: Berserk           |     1 |     2 |     2 ||     5
  Use: Potion            |     6 |     2 |     2 ||    10
       Scroll            |     1 |     3 |     6 ||    10
 Stab: Invisible         |     1 |       |       ||     1
Armor: Animal skin       |    37 |    24 |    43 ||   104
Dodge: Dodged            |    40 |    52 |   114 ||   206
